 Dungeon Crawl Stone Soup version 0.18.1-48-g4cf74bf (webtiles) character file.

232779 TBriggs11TB the Hoplite (level 18, -1/171 HPs)
             Began as a Minotaur Fighter on July 1, 2016.
             Was the Champion of Cheibriados.
             Killed from afar by a merfolk aquamancer (19 damage)
             ... with a shard of ice
             ... on level 4 of the Shoals on July 4, 2016.
             The game lasted 02:34:30 (32834 turns).

TBriggs11TB the Hoplite (Minotaur Fighter)         Turns: 32834, Time: 02:34:31

Health: -1/171     AC: 34    Str: 45    XL:     18   Next: 83%
Magic:  8/23       EV:  8    Int: 20    God:    Cheibriados [******]
Gold:   1870       SH: 37    Dex: 24    Spells: 0 memorised, 17 levels left

rFire  + . .     SeeInvis .     L - +9 demon trident (elec)
rCold  . . .     Gourm    .     Y - +7 plate armour {ponderous}
rNeg   . . .     Faith    .     Z - +4 large shield {AC+3}
rPois  .         Spirit   .     (helmet restricted)
rElec  .         Dismiss  .     t - +0 cloak
rCorr  +         Reflect  +     s - +0 pair of gloves
SustAt .         Harm     .     q - +2 pair of boots {rF+}
MR     ++...                    F - +4 amulet of reflection
Stlth  ..........               w - ring of resist corrosion
                                E - ring of protection from magic

@: lethally poisoned (-1 -> -2), very slow, very resistant to hostile
enchantments, extremely unstealthy
A: retaliatory headbutt, horns 2
a: Bend Time, Temporal Distortion, Slouch, Step From Time, Renounce Religion
}: 1/15 runes: serpentine


You were on level 4 of the Shoals.
You worshipped Cheibriados.
Cheibriados was exalted by your worship.
You were not hungry.

You visited 6 branches of the dungeon, and saw 34 of its levels.
You also visited: Bailey and Volcano.

You collected 3484 gold pieces.
You spent 1614 gold pieces at shops.

Inventory:

Hand Weapons
 y - a +1 hand crossbow
 L - a +9 demon trident of electrocution (weapon)
Missiles
 D - 21 tomahawks (quivered)
 K - 4 steel javelins
 V - 55 bolts
Armour
 a - a +1 chain mail of poison resistance
 l - a +0 ring mail of fire resistance
 p - a +3 plate armour of poison resistance
 q - a +2 pair of boots of fire resistance (worn)
 s - a +0 pair of gloves (worn)
 t - a +0 cloak (worn)
 W - the +0 pair of boots of Winter {rC+ Regen+}
   (You bought it in a shop on level 2 of the Orcish Mines)

   It protects you from cold.
   It increases your rate of regeneration.
 Y - a +7 plate armour of ponderousness (worn)
 Z - a +4 large shield of protection (worn)
Jewellery
 e - an uncursed amulet of dismissal
 g - an uncursed ring of protection from cold
 w - a ring of resist corrosion (right hand)
 E - a ring of protection from magic (left hand)
 F - a +4 amulet of reflection (around neck)
 G - an uncursed ring of protection from cold
 J - an uncursed ring of stealth
 O - an uncursed ring of poison resistance
 R - an uncursed ring of protection from magic
 S - an uncursed ring of resist corrosion
 T - an uncursed amulet of regeneration
Wands
 n - a wand of digging (19/24)
Scrolls
 i - a scroll of enchant armour
 m - 10 scrolls of remove curse
 o - a scroll of summoning
 N - 3 scrolls of magic mapping
 Q - 2 scrolls of fog
 X - 3 scrolls of blinking
Potions
 c - 3 potions of heal wounds
 h - 2 potions of resistance
 j - 8 potions of curing
 k - 7 potions of flight
 u - 4 potions of lignification
 x - 2 potions of might
 z - 3 potions of brilliance
 B - 2 potions of ambrosia
 H - 3 potions of magic
 I - 5 potions of agility
 M - 4 potions of cure mutation
Comestibles
 b - 8 beef jerkies
 f - 25 bread rations
 A - 14 slices of pizza
 P - 5 meat rations
 U - 15 fruits


   Skills:
 + Level 17.9 Fighting
 - Level 14.6 Polearms
 - Level 12.0 Crossbows
 - Level 8.8 Throwing
 + Level 15.4 Armour
 + Level 21.7 Shields
 - Level 9.1 Invocations
 - Level 2.5 Evocations


You had 17 spell levels left.
You didn't know any spells.

Dungeon Overview and Level Annotations

Branches:
Dungeon (15/15)            Temple (1/1) D:4            Lair (8/8) D:9
 Shoals (4/4) Lair:4        Snake (4/4) Lair:5        Slime (0/6) Lair:7
    Orc (2/2) D:10            Elf (0/3) Orc:2        Vaults (0/5) D:13
 Depths (0/5) D:15

Altars:
Ashenzari
Cheibriados
Dithmenos
Elyvilon
Fedhas
Gozag
Kikubaaqudgha
Makhleb
Nemelex Xobeh
Okawaru
Pakellas
Qazlal
Ru
Sif Muna
Trog
Vehumet
Xom
Yredelemnul
Zin
The Shining One
Beogh
Jiyva

Shops:
D:5 *   D:9 (   Orc:2 ([*=   Shoals:1 *[[   Snake:1 }

Portals:
Hell: Lair:8

Annotations:
D:7 exclusion: statue


Innate Abilities, Weirdness & Mutations

You reflexively headbutt those who attack you in melee.
You have a pair of horns on your head.


Message History

You kill the merfolk impaler!
Cheibriados thoroughly appreciates the change of pace.
You feel sick.
You start resting.
You feel sick. x3
You feel less woody.
Your +0 cloak unmelds from your body.
Your +0 pair of gloves unmelds from your body.
Your +2 pair of boots of fire resistance unmelds from your body.
Your +7 plate armour of ponderousness unmelds from your body.
You feel resistant to fire.
You feel rather ponderous.
You feel sick.
You start resting.
You feel sick. x2
Unknown command.
You feel sick.
Things that are here:
4 large rocks; a cyclops corpse; a wind drake corpse The merfolk aquamancer casts a spell at you.
The shard of ice hits you!
You die...

...P. P≈≈P≈≈≈≈≈≈≈≈≈)≈≈≈≈≈≈≈
##.... ≈≈≈≈≈§≈≈≈≈≈≈≈≈≈≈≈≈≈≈≈
#≈.#.. .≈≈≈≈≈P≈≈≈≈≈≈≈≈≈≈≈≈≈≈≈
≈...# ..≈≈≈≈≈≈≈≈≈≈≈≈≈≈≈≈≈≈≈≈≈
.#.# ...≈≈≈≈≈≈≈≈≈≈≈≈≈≈≈≈≈≈≈≈≈
..≈## ...≈≈≈≈≈≈≈≈≈m...≈≈≈≈≈≈≈≈
.#..##...≈≈≈≈≈≈≈##'##...≈≈≈≈≈≈
≈...#≈...≈≈≈≈≈≈##().##...≈≈≈≈≈
≈#.#....≈≈≈≈≈:.#@(.).#....≈≈≈≈
###)....≈≈≈≈≈..#()))(#.....≈[≈
##......≈≈≈≈≈..#....(#....##+#
..))....≈≈≈≈≈..##...##...##
........≈≈≈≈≈..######≈≈≈≈#
........≈≈≈≈≈≈......≈≈≈≈≈#
(.......≈≈≈≈≈≈≈≈..≈≈≈≈≈≈≈#
..^.....≈≈≈≈≈≈≈≈≈≈≈≈≈≈≈≈≈#
.......≈≈≈≈≈≈≈≈≈≈≈≈≈≈≈≈≈≈≈#


You could see a merfolk aquamancer.

Vanquished Creatures
  Rupert (Lair:5)
  Polyphemus (Shoals:3)
  Kirke (Snake:4)
  Ilsuiw (Shoals:4)
  5 greater nagas
  Aizul (Shoals:3)
  2 orc warlords (Orc:2)
  A stone giant (Shoals:1)
  Azrael (D:14)
  A dire elephant (Lair:8)
  A salamander stormcaller (D:15)
  5 merfolk javelineers (Shoals:4)
  8 merfolk impalers
  2 ettins
  3 vault guards (D:13)
  The ghost of Trampli the Nimble, a journeyman TrMo of the Shining One (Orc:2)
  A fire dragon (D:15)
  10 naga warriors
  7 hydras
  Erolcha (Volcano)
  An alligator snapping turtle (Shoals:4)
  8 anacondas
  5 merfolk avatars
  A catoblepas (Shoals:2)
  A centaur warrior (D:15)
  2 satyrs
  A merfolk aquamancer (Shoals:4)
  3 tengu warriors
  6 death yaks
  6 naga sharpshooters
  3 orc high priests (Orc:2)
  4 shock serpents
  Nergalle (Lair:4)
  Sonja (D:15)
  A sun demon (Lair:8)
  4 salamander mystics
  3 unseen horrors
  14 sea snakes
  7 hill giants
  6 naga ritualists
  10 orc knights
  8 griffons
  A wolf spider zombie (D:15)
  21 harpies
  3 necromancers
  A deep elf mage (D:15)
  4 wizards
  12 orc sorcerers
  4 cyclopes
  4 mana vipers
  11 manticores
  14 ugly things
  15 salamanders
  A sixfirhy (Lair:8)
  6 fauns
  40 black mambas
  2 guardian serpents
  24 naga magi
  22 elephants
  4 centaur zombies
  7 sirens
  6 orange demons (Lair:8)
  A torpor snail (Lair:8)
  4 water nymphs
  19 spiny frogs
  6 centaur skeletons
  2 gargoyles (D:10)
  A freezing wraith (D:10)
  A rime drake (shapeshifter) (D:14)
  12 komodo dragons
  3 rime drakes
  2 kobold demonologists
  A hellwing (Lair:8)
  7 trolls
  An efreet (D:14)
  3 harpy zombies (Shoals:2)
  17 merfolk
  3 red devils (Lair:8)
  A tengu conjurer (D:15)
  2 polar bears
  3 two-headed ogres
  2 wind drakes
  8 blink frogs
  A wolf spider simulacrum (D:15)
  6 slime creatures (D:14)
  Prince Ribbit (D:7)
  13 snapping turtles
  A shadow (D:15)
  7 water elementals
  A centaur simulacrum (D:14)
  3 fire bats (Lair:1)
  A wraith (D:15)
  A wyvern (Lair:4)
  A hog (D:7)
  50 yaks
  A fire elemental (D:14)
  17 humans
  2 hungry ghosts
  5 basilisks
  A steam dragon (D:6)
  A warg (Orc:2)
  18 hippogriffs
  2 vampire mosquitoes (D:13)
  A mottled dragon (D:15)
  64 nagas
  2 soldier ants
  19 water moccasins
  4 hell hounds
  Duvessa (D:7)
  10 porcupines
  41 orc warriors
  2 wasps
  An eye of draining (D:12)
  4 ice beasts
  2 sky beasts (D:8)
  2 necrophages
  A black bear (Lair:4)
  14 centaurs
  5 wolves
  13 ogres
  19 crocodiles
  5 big kobolds
  2 gnoll sergeants
  26 giant frogs
  Dowan (D:7)
  6 scorpions
  3 hippogriff zombies (Shoals:2)
  10 killer bees
  A water moccasin skeleton (D:9)
  8 wights
  10 electric eels
  A giant frog zombie (D:11)
  4 howler monkeys
  17 lava snakes
  4 crimson imps
  A quasit (D:10)
  4 hounds
  5 jellies
  2 giant frog skeletons
  26 orc priests
  26 orc wizards
  Jessica (D:2)
  Natasha (thrice) (D:3)
  9 iguanas
  16 worker ants
  8 sheep
  A howler monkey zombie (D:11)
  A worker ant zombie (D:9)
  20 gnolls
  9 adders
  58 river rats
  2 shadow imps
  12 white imps (Lair:3)
  An ooze (D:1)
  3 worms
  4 dart slugs
  7 giant geckos
  116 orcs
  6 giant cockroaches
  20 goblins
  12 hobgoblins
  10 jackals
  36 kobolds
  5 quokkas
  3 ball pythons
  5 bats
  A giant gecko zombie (D:8)
  7 giant newts
  9 rats
  A fungus (Lair:7)
  21 plants
1358 creatures vanquished.

Vanquished Creatures (others)
  2 merfolk javelineers (Shoals:4)
  A naga warrior (Snake:4)
  A centaur warrior (D:14)
  A naga sharpshooter (Snake:1)
  A manticore (Shoals:3)
  8 fauns
  3 cyclopes
  A salamander (Snake:4)
  A naga mage (Snake:4)
  A centaur skeleton (D:15)
  5 humans
  A naga (Snake:4)
  12 centaurs
  An orc wizard (D:14)
  2 river rats (Lair:8)
  An orc (Orc:1)
  2 hobgoblins (Bailey)
  3 fungi
  3 plants
50 creatures vanquished.

Grand Total: 1408 creatures vanquished

Notes
Turn   | Place    | Note
--------------------------------------------------------------
     0 | D:1      | TBriggs11TB the Minotaur Fighter began the quest for the Orb.
     0 | D:1      | Reached XP level 1. HP: 19/19 MP: 0/0
    87 | D:1      | Reached XP level 2. HP: 24/27 MP: 1/1
   628 | D:1      | Reached skill level 4 in Shields
   628 | D:1      | Reached XP level 3. HP: 33/33 MP: 2/2
   757 | D:2      | Found a glowing silver altar of Zin.
   760 | D:2      | Noticed an angel
   769 | D:2      | Found a shimmering altar of Xom.
   878 | D:2      | Noticed Jessica
   885 | D:2      | Killed Jessica
   885 | D:2      | Reached XP level 4. HP: 30/41 MP: 3/3
  1017 | D:2      | Reached skill level 5 in Fighting
  1395 | D:3      | Noticed Natasha
  1401 | D:3      | Killed Natasha
  1408 | D:3      | Reached XP level 5. HP: 47/48 MP: 4/4
  1702 | D:3      | Noticed Natasha
  1708 | D:3      | Killed Natasha
  1844 | D:3      | Noticed Natasha
  1853 | D:3      | Killed Natasha
  1914 | D:4      | Reached skill level 5 in Armour
  1949 | D:4      | Reached XP level 6. HP: 50/57 MP: 5/5
  2216 | D:4      | Found a staircase to the Ecumenical Temple.
  2285 | Temple   | Entered the Ecumenical Temple
  2514 | Temple   | Became a worshipper of Cheibriados the Contemplative
  2601 | D:4      | Reached skill level 5 in Shields
  2699 | D:4      | Reached skill level 1 in Throwing
  2892 | D:5      | Entered Level 5 of the Dungeon
  2920 | D:5      | Reached XP level 7. HP: 63/63 MP: 6/6
  2935 | D:5      | Found a stormy altar of Qazlal.
  2965 | D:5      | Reached * piety under Cheibriados
  2990 | D:5      | Found a blossoming altar of Fedhas.
  3247 | D:5      | Found a sacrificial altar of Ru.
  3322 | D:5      | Found Baewimew's Assorted Antiques.
  3414 | D:5      | Reached ** piety under Cheibriados
  3414 | D:5      | Reached skill level 5 in Polearms
  3584 | D:5      | Bought a scroll of enchant armour for 180 gold pieces
  4110 | D:5      | Reached XP level 8. HP: 55/73 MP: 7/7
  4111 | D:5      | Found a sparkling altar of Nemelex Xobeh.
  4334 | D:6      | Reached skill level 6 in Shields
  4379 | D:6      | Found a sacrificial altar of Ru.
  4393 | D:6      | Found a bloodstained altar of Trog.
  4626 | D:6      | Found an iron altar of Okawaru.
  4627 | D:6      | Found a shattered altar of Ashenzari.
  4627 | D:6      | Found a deep blue altar of Sif Muna.
  4832 | D:6      | Reached *** piety under Cheibriados
  4957 | D:6      | Found a glowing golden altar of the Shining One.
  5462 | D:7      | Noticed Duvessa
  5463 | D:7      | Noticed Dowan
  5470 | D:7      | Killed Duvessa
  5470 | D:7      | Reached XP level 9. HP: 75/81 MP: 8/8
  5477 | D:7      | Killed Dowan
  5477 | D:7      | Reached skill level 7 in Shields
  5507 | D:7      | Noticed Prince Ribbit
  5510 | D:7      | Killed Prince Ribbit
  5510 | D:7      | Reached skill level 1 in Evocations
  5720 | D:7      | Reached skill level 5 in Throwing
  5840 | D:7      | Found a radiant altar of Vehumet.
  5883 | D:7      | Reached **** piety under Cheibriados
  6230 | D:8      | Reached skill level 1 in Invocations
  6493 | D:8      | Reached XP level 10. HP: 88/88 MP: 10/10
  6937 | D:9      | Reached skill level 8 in Shields
  6957 | D:9      | Reached ***** piety under Cheibriados
  7011 | D:9      | Found Geoku's Weapon Emporium.
  7220 | D:9      | Noticed a hill giant
  7223 | D:9      | Noticed an elephant
  7226 | D:9      | Killed a hill giant
  7234 | D:9      | Reached skill level 9 in Shields
  7238 | D:9      | Killed an elephant
  7257 | D:9      | Found a staircase to the Lair.
  7658 | Lair:1   | Entered Level 1 of the Lair of Beasts
  7719 | Lair:1   | Noticed a spiny frog
  7729 | Lair:1   | Killed a spiny frog
  7801 | Lair:1   | Noticed a six-headed hydra
  7809 | Lair:1   | Killed a six-headed hydra
  7809 | Lair:1   | Reached XP level 11. HP: 32/95 MP: 13/13
  8010 | Lair:1   | Reached skill level 5 in Invocations
  8076 | Lair:1   | Found a dark tunnel.
  8086 | Volcano  | Entered a volcano
  8220 | Volcano  | Noticed a hill giant
  8220 | Volcano  | Noticed a hill giant
  8227 | Volcano  | Noticed Erolcha
  8227 | Volcano  | Killed a hill giant
  8229 | Volcano  | Killed a hill giant
  8233 | Volcano  | Killed Erolcha
  8261 | Volcano  | Found a radiant altar of Vehumet.
  8629 | D:10     | Entered Level 10 of the Dungeon
  8811 | D:10     | Reached skill level 10 in Polearms
  9001 | D:10     | Got a crude buckler
  9012 | D:10     | Identified the cursed +0 buckler of the Crypt {Dex+3} (You found it on level 10 of the Dungeon)
  9054 | D:10     | Reached skill level 10 in Fighting
  9185 | D:10     | Found a staircase to the Orcish Mines.
  9194 | D:10     | Reached ****** piety under Cheibriados
  9593 | D:11     | Reached XP level 12. HP: 86/107 MP: 16/16
  9619 | D:11     | Found a sacrificial altar of Ru.
 11123 | Orc:1    | Entered Level 1 of the Orcish Mines
 11174 | Orc:1    | Found a flagged portal.
 11196 | Bailey   | Entered a bailey
 11238 | Bailey   | Found an iron altar of Okawaru.
 12144 | Orc:1    | Paralysed by an orc sorcerer for 7 turns
 12280 | Orc:2    | Entered Level 2 of the Orcish Mines
 12285 | Orc:2    | Noticed Trampli's ghost (journeyman TrMo)
 12297 | Orc:2    | Killed Trampli's ghost
 12297 | Orc:2    | Reached XP level 13. HP: 92/119 MP: 13/17
 12472 | Orc:2    | Noticed an ettin
 12482 | Orc:2    | Killed an ettin
 12489 | Orc:2    | Noticed an orc warlord
 12508 | Orc:2    | Killed an orc warlord
 12948 | Orc:2    | Found a roughly hewn altar of Beogh.
 13173 | Orc:2    | Found a staircase to the Elven Halls.
 13459 | Orc:2    | Noticed an orc warlord
 13463 | Orc:2    | Reached skill level 10 in Shields
 13464 | Orc:2    | Reached skill level 10 in Armour
 13471 | Orc:2    | Killed an orc warlord
 13773 | Orc:2    | Reached skill level 11 in Shields
 13937 | Orc:2    | Found Mouzahov's Antique Armour Shop.
 13938 | Orc:2    | Found Bomez's Antique Weapon Boutique.
 13940 | Orc:2    | Found Jafyfup's General Store.
 13940 | Orc:2    | Found Ediniott's Jewellery Shop.
 14014 | Orc:2    | Bought a large shield for 148 gold pieces
 14014 | Orc:2    | Bought a pair of smoking boots for 313 gold pieces
 14027 | Orc:2    | Identified the +0 pair of boots of Winter {rC+ Regen+} (You bought it in a shop on level 2 of the Orcish Mines)
 14200 | Orc:1    | Noticed an ettin
 14204 | Orc:1    | Killed an ettin
 16398 | Lair:3   | Reached XP level 14. HP: 132/132 MP: 18/18
 16751 | Lair:4   | Reached skill level 12 in Shields
 17174 | Lair:4   | Noticed Nergalle
 17207 | Lair:4   | Killed Nergalle
 17377 | Lair:4   | Found a staircase to the Shoals.
 18650 | D:13     | Reached skill level 13 in Shields
 18829 | D:13     | Found a gate to the Vaults.
 19553 | D:14     | Reached skill level 15 in Fighting
 19582 | D:14     | Noticed Azrael
 19598 | D:14     | Killed Azrael
 19886 | D:14     | Reached skill level 14 in Shields
 20317 | D:15     | Entered Level 15 of the Dungeon
 20323 | D:15     | Noticed Sonja
 20327 | D:15     | Killed Sonja
 20358 | D:15     | Reached XP level 15. HP: 141/141 MP: 20/20
 21002 | D:15     | Reached skill level 15 in Shields
 21174 | D:15     | Found a shadowy altar of Dithmenos.
 21241 | D:15     | Found a staircase to the Depths.
 21917 | Lair:5   | Found a staircase to the Snake Pit.
 21956 | Lair:5   | Noticed Rupert
 21973 | Lair:5   | Killed Rupert
 22564 | Lair:6   | Reached skill level 16 in Shields
 23402 | Lair:7   | Found a viscous altar of Jiyva.
 23403 | Lair:7   | Found a staircase to the Slime Pits.
 23569 | Lair:7   | Reached skill level 17 in Shields
 23569 | Lair:7   | Reached XP level 16. HP: 149/149 MP: 21/21
 23700 | Lair:7   | Got a tattered robe
 23713 | Lair:7   | Identified the +3 robe of the Blacksmith {rC- rN+++ MR++ Dex-2} (You found it on level 7 of the Lair of Beasts)
 23725 | Lair:8   | Entered Level 8 of the Lair of Beasts
 24432 | Lair:8   | Found a burning altar of Makhleb.
 24477 | Lair:8   | Found a gateway to Hell.
 24901 | Snake:1  | Entered Level 1 of the Snake Pit
 25186 | Snake:1  | Found Semoxt's Gadget Emporium.
 25191 | Snake:1  | Reached skill level 18 in Shields
 26051 | Snake:2  | Reached skill level 19 in Shields
 27025 | Snake:4  | Entered Level 4 of the Snake Pit
 27050 | Snake:4  | Noticed Kirke
 27051 | Snake:4  | Noticed a sphinx
 27055 | Snake:4  | Killed Kirke
 27185 | Snake:4  | Reached XP level 17. HP: 160/160 MP: 22/22
 27287 | Snake:4  | Reached skill level 20 in Shields
 28290 | Snake:4  | Reached skill level 1 in Crossbows
 28502 | Snake:4  | Got a serpentine rune of Zot
 28586 | Snake:4  | Reached skill level 5 in Crossbows
 28743 | Shoals:1 | Entered Level 1 of the Shoals
 28796 | Shoals:1 | Found Xill's Armour Shop.
 28834 | Shoals:1 | Bought a +7 plate armour of ponderousness for 525 gold pieces
 29141 | Shoals:1 | Found Udweudgh's Antique Armour Emporium.
 29219 | Shoals:1 | Found Itozosh's Magic Scroll Shoppe.
 29470 | Shoals:1 | Bought a scroll of identify for 64 gold pieces
 29470 | Shoals:1 | Bought 2 scrolls of identify for 128 gold pieces
 29470 | Shoals:1 | Bought a potion of agility for 128 gold pieces
 29470 | Shoals:1 | Bought a potion of curing for 96 gold pieces
 29470 | Shoals:1 | Bought a scroll labeled REKHILELAN for 32 gold pieces
 29567 | Shoals:1 | Reached XP level 18. HP: 170/170 MP: 23/23
 29839 | Shoals:2 | Reached skill level 10 in Crossbows
 30618 | Shoals:3 | Noticed Polyphemus
 30660 | Shoals:3 | Killed Polyphemus
 30691 | Shoals:3 | Reached skill level 15 in Armour
 31304 | Shoals:3 | Noticed Aizul
 31330 | Shoals:3 | Killed Aizul
 31779 | Shoals:3 | Reached skill level 21 in Shields
 31836 | Shoals:4 | Entered Level 4 of the Shoals
 31860 | Shoals:4 | Noticed Ilsuiw
 31949 | Shoals:4 | Killed Ilsuiw
 32573 | Shoals:4 | Identified the Grimoire of Air
 32834 | Shoals:4 | Killed from afar by a merfolk aquamancer

Skill      XL: |  1  2  3  4  5  6  7  8  9 10 11 12 13 14 15 16 17 18 |
---------------+-------------------------------------------------------+-----
Fighting       | 4 5 6 7 8 10 12 14 15 16 17 | 17.9
Shields        | 4 5 6 7 9 11 14 17 19 20 21 | 21.7
Armour         | 4 5 6 7 8 9 11 12 14 15 | 15.4
Polearms       | 3 4 5 6 7 8 11 14 | 14.6
Throwing       | 1 2 4 6 8 |  8.8
Evocations     | 2 |  2.5
Invocations    | 2 4 6 7 9 |  9.1
Crossbows      | 9 12 | 12.0

Action                   |  1- 3 |  4- 6 |  7- 9 | 10-12 | 13-15 | 16-18 || total
-------------------------+-------+-------+-------+-------+-------+-------++-------
Melee: Trident           |    96 |   151 |   262 |   557 |       |       ||  1066
       Headbutt          |    10 |    21 |    64 |   200 |   252 |   245 ||   792
       Demon trident     |       |       |       |    70 |  1017 |  1303 ||  2390
 Fire: Hand crossbow     |       |       |       |       |       |   110 ||   110
Throw: Javelin           |       |       |    67 |    35 |       |       ||   102
       Tomahawk          |       |       |    10 |    70 |   160 |   128 ||   368
Invok: Slouch            |       |       |       |     1 |     8 |     9 ||    18
       Bend Time         |       |       |       |       |       |     1 ||     1
Evoke: Wand              |       |       |       |     3 |       |       ||     3
  Use: Scroll            |       |    12 |     5 |    15 |    13 |    22 ||    67
       Potion            |       |       |       |     2 |     6 |     7 ||    15
 Stab: Fleeing           |       |       |       |       |       |     1 ||     1
  Eat: Chunk             |       |     3 |     1 |     1 |       |       ||     5
       Meat ration       |       |     1 |     1 |     2 |     4 |     4 ||    12
       Fruit             |       |       |       |     3 |       |       ||     3
       Royal jelly       |       |       |       |       |     2 |       ||     2
Armor: Scale mail        |    24 |    14 |       |       |       |       ||    38
       Plate armour      |       |    59 |    92 |   246 |   176 |   303 ||   876
       Skin              |       |       |       |       |       |    22 ||    22
Dodge: Dodged            |    23 |    23 |    40 |    77 |    78 |   133 ||   374
Block: Shield            |    27 |    68 |   117 |   469 |   110 |       ||   791
       Reflection        |       |       |       |    31 |    67 |   288 ||   386
       Large shield      |       |       |       |       |   619 |  1603 ||  2222
